2814 views
Uploaded 2020-02-12 18:22:08
Game version 1.32 / 1.32.1
8:22 long 2on2 ladder game on (4)HillsbradCreek
Saved by iggythefisk
2814 views
Uploaded 2020-02-12 18:22:08
Game version 1.32 / 1.32.1
8:22 long 2on2 ladder game on (4)HillsbradCreek


45 units @ 4.3k
/ 0.1k
14 buildings @ 2.2k
/ 0.7k

| Dust of Appearance | 1 | 75 |
| Circlet of Nobility | 1 | 175 |
| total: | 2 | 250g |
| Peon | 9 | 675 | / | 0 |
| Grunt | 6 | 1200 | / | 0 |
| total: | 15 | 1875g | / | 0w |
| Altar of Storms | 1 | 180 | / | 50 |
| Barracks | 1 | 180 | / | 50 |
| Orc Burrow | 2 | 320 | / | 80 |
| Voodoo Lounge | 2 | 260 | / | 60 |
| total: | 6 | 940g | / | 240w |
| 0:05 | Peon |
| 0:08 | Altar of Storms |
| 0:11 | Barracks |
| 0:21 | Orc Burrow |
| 0:31 | Peon |
| 0:54 | Peon |
| 1:14 | Grunt |
| 1:40 | Orc Burrow |
| 1:46 | Grunt |
| 2:02 | Peon |
| 2:14 | Grunt |
| 2:19 | Hex |
| 2:34 | Peon |
| 3:15 | Grunt |
| 4:33 | Peon |
| 5:20 | Peon |
| 5:28 | Dust of Appearance |
| 5:29 | Circlet of Nobility |
| 5:53 | Healing Wave |
| 6:03 | Peon |
| 6:54 | Peon |
| 7:24 | Grunt |
| 8:06 | Grunt |
| 8:12 | Voodoo Lounge |
| 8:13 | Voodoo Lounge |
| Right click | 432 |
| Select group | 167 |
| Select | 157 |
| Build/train/purchase | 28 |
| Use ability | 7 |
| Assign group | 6 |
| Minimap ping | 2 |
| Misc. action | 1 |

| Dust of Appearance | 1 | 75 |
| Staff of Teleportation | 1 | 150 |
| total: | 2 | 225g |
| Wisp | 21 | 1260 | / | 0 |
| Archer | 9 | 1170 | / | 90 |
| total: | 30 | 2430g | / | 90w |
| Altar of Elders | 1 | 180 | / | 50 |
| Moon Well | 4 | 720 | / | 160 |
| Ancient of War | 1 | 150 | / | 60 |
| Ancient of Wonders | 1 | 90 | / | 30 |
| Ancient of Wind | 1 | 150 | / | 140 |
| Tree of Ages | 1 | 320 | / | 180 |
| total: | 8 | 1290g | / | 440w |
| 0:01 | Wisp |
| 0:07 | Altar of Elders |
| 0:13 | Moon Well |
| 0:14 | Wisp |
| 0:20 | Ancient of War |
| 0:30 | Wisp |
| 0:40 | Wisp |
| 1:03 | Wisp |
| 1:04 | Wisp |
| 1:21 | Archer |
| 1:26 | Moon Well |
| 1:28 | Wisp |
| 1:40 | Archer |
| 1:50 | Wisp |
| 2:00 | Archer |
| 2:08 | Entangling Roots |
| 2:20 | Archer |
| 2:36 | Wisp |
| 2:36 | Wisp |
| 3:28 | Wisp |
| 3:28 | Wisp |
| 3:29 | Archer |
| 3:51 | Archer |
| 4:05 | Wisp |
| 4:09 | Tree of Ages |
| 4:20 | Dust of Appearance |
| 4:21 | Staff of Teleportation |
| 5:22 | Archer |
| 5:26 | Moon Well |
| 5:29 | Moon Well |
| 6:09 | Archer |
| 6:38 | Wisp |
| 6:38 | Wisp |
| 6:38 | Wisp |
| 7:23 | Wisp |
| 7:23 | Wisp |
| 7:23 | Wisp |
| 7:26 | Ancient of Wind |
| 7:39 | Force of Nature |
| 7:48 | Wisp |
| 7:48 | Wisp |
| 8:05 | Ancient of Wonders |
| 8:08 | Archer |
| Right click | 538 |
| Select | 214 |
| Assign group | 85 |
| Select group | 67 |
| Misc. action | 50 |
| Build/train/purchase | 47 |
| Use ability | 33 |
| Esc | 2 |
34 units @ 4.4k
/ 0.1k
23 buildings @ 3k
/ 1.1k


| Scroll of Regeneration | 2 | 200 |
| total: | 2 | 200g |
| Peasant | 7 | 525 | / | 0 |
| Footman | 8 | 1080 | / | 0 |
| Sorceress | 2 | 310 | / | 40 |
| Priest | 1 | 135 | / | 10 |
| total: | 18 | 2050g | / | 50w |
| Altar of Kings | 1 | 180 | / | 50 |
| Barracks | 1 | 160 | / | 60 |
| Farm | 8 | 640 | / | 160 |
| Arcane Vault | 1 | 130 | / | 30 |
| Arcane Sanctum | 2 | 300 | / | 280 |
| Keep | 1 | 320 | / | 210 |
| total: | 13 | 1410g | / | 580w |
| 0:00 | Peasant |
| 0:04 | Altar of Kings |
| 0:07 | Peasant |
| 0:17 | Barracks |
| 0:21 | Peasant |
| 0:31 | Farm |
| 0:36 | Peasant |
| 0:46 | Farm |
| 0:50 | Peasant |
| 1:10 | Peasant |
| 1:17 | Footman |
| 1:25 | Farm |
| 1:35 | Footman |
| 1:45 | Peasant |
| 1:56 | Footman |
| 2:07 | Summon Water Elemental |
| 2:11 | Footman |
| 2:49 | Keep |
| 3:22 | Footman |
| 3:47 | Footman |
| 4:02 | Arcane Vault |
| 5:15 | Scroll of Regeneration |
| 5:17 | Arcane Sanctum |
| 5:19 | Arcane Sanctum |
| 5:37 | Scroll of Regeneration |
| 6:05 | Sorceress |
| 6:05 | Priest |
| 6:12 | Storm Bolt |
| 6:59 | Farm |
| 6:59 | Farm |
| 7:10 | Brilliance Aura |
| 7:50 | Footman |
| 7:52 | Sorceress |
| 7:54 | Farm |
| 7:55 | Farm |
| 8:12 | Farm |
| 8:13 | Footman |
| Right click | 724 |
| Select | 270 |
| Select group | 191 |
| Assign group | 65 |
| Build/train/purchase | 36 |
| Misc. action | 6 |
| Use ability | 5 |
| Minimap ping | 1 |


| Healing Salve | 2 | 200 |
| Lesser Clarity Potion | 1 | 70 |
| total: | 3 | 270g |
| Peon | 7 | 525 | / | 0 |
| Grunt | 8 | 1600 | / | 0 |
| Raider | 1 | 180 | / | 40 |
| total: | 16 | 2305g | / | 40w |
| Altar of Storms | 2 | 360 | / | 100 |
| Orc Burrow | 4 | 640 | / | 160 |
| Barracks | 2 | 360 | / | 100 |
| Voodoo Lounge | 1 | 130 | / | 30 |
| Beastiary | 1 | 145 | / | 140 |
| Stronghold | 1 | 315 | / | 190 |
| total: | 10 | 1635g | / | 530w |
| 0:01 | Peon |
| 0:03 | Altar of Storms |
| 0:04 | Altar of Storms |
| 0:16 | Peon |
| 0:19 | Orc Burrow |
| 0:26 | Barracks |
| 0:27 | Barracks |
| 0:33 | Peon |
| 0:45 | Peon |
| 0:59 | Peon |
| 1:15 | Peon |
| 1:26 | Orc Burrow |
| 1:36 | Grunt |
| 1:43 | Peon |
| 2:01 | Voodoo Lounge |
| 2:11 | Wind Walk |
| 2:17 | Grunt |
| 2:38 | Grunt |
| 3:37 | Stronghold |
| 3:38 | Grunt |
| 3:56 | Orc Burrow |
| 4:18 | Orc Burrow |
| 4:29 | Healing Salve |
| 4:29 | Healing Salve |
| 4:29 | Lesser Clarity Potion |
| 4:48 | Grunt |
| 5:14 | Critical Strike |
| 5:27 | Grunt |
| 6:10 | Beastiary |
| 6:12 | Berserker Strength |
| 6:56 | Grunt |
| 7:19 | Healing Wave |
| 8:04 | Grunt |
| 8:05 | Raider |
| 8:11 | Pillage |
| 8:13 | Ensnare |
| Right click | 446 |
| Assign group | 406 |
| Select group | 196 |
| Select | 107 |
| Build/train/purchase | 45 |
| Use ability | 9 |
| Misc. action | 6 |
| Item give/drop | 1 |
โ